 Dungeon Crawl Stone Soup version 0.29-a0-284-gf9362112df (webtiles) character file.

Game seed: 15237895679943650435

1629 zazu2006 the Magician (level 8, -1/54 (64) HPs)
             Began as a Naga Hedge Wizard on Mar 18, 2022.
             Slain by a wight
             ... wielding a +3 spear
              (4 damage)
             ... on level 4 of the Dungeon on Mar 19, 2022.
             The game lasted 00:15:57 (9162 turns).

zazu2006 the Magician (Naga Hedge Wizard)           Turns: 9162, Time: 00:15:57

HP:   -1/54 (64)    AC:  5    Str: 12    XL:     8   Next: 97%
MP:   17/17         EV:  9    Int: 19    God:
Gold: 399           SH:  0    Dex: 11    Spells: 10/19 levels left

rFire   . . .      SeeInvis +   t - +7 falchion of Ridenlim {vorpal, rC+ Int+2}
rCold   + . .      Faith    .   (no shield)
rNeg    . . .      Spirit   .   e - +0 leather armour
rPois   +          Reflect  .   b - +0 helmet
rElec   .          Harm     .   (no cloak)
rCorr   .          Rampage  .   (no gloves)
Will    +....                   (no barding)
Stlth   +++.......              (no amulet)
HPRegen 0.18/turn               r - ring of flight
MPRegen 0.15/turn               (no ring)

@: flying, heavily drained, very slow
A: AC +2, large, see invisible, deformed body, poison resistance, slowness 2,
spit poison 1, naga tail 1
a: Spit Poison


You were on level 4 of the Dungeon.
You visited 1 branch of the dungeon, and saw 5 of its levels.
You also visited: Sewer.

You collected 399 gold pieces.

Inventory:

Hand Weapons
 m - a +0 scimitar
 p - a +1 dagger of flaming
 s - the +11 war axe of Xadwaona {vorpal, *Noise +Blink rPois}
   (You found it on level 5 of the Dungeon)

   It inflicts extra damage upon your enemies.
   rPois:     It protects you from poison.
   +Blink:    It lets you blink.
   *Noise:    It may make noises in combat.
 t - the +7 falchion of Ridenlim (weapon) {vorpal, rC+ Int+2}
   (You found it on level 5 of the Dungeon)

   It inflicts extra damage upon your enemies.
   Int:       It affects your intelligence (+2).
   rC:        It protects you from cold.
Armour
 b - a +0 helmet (worn)
 e - a +0 leather armour (worn)
Jewellery
 r - a ring of flight (left hand)
Wands
 a - a wand of digging (6)
Scrolls
 c - 4 scrolls of blinking
 k - 3 scrolls of teleportation
 n - a scroll of fog
 o - a scroll of vulnerability {unknown}
 q - a scroll of enchant armour {unknown}
Potions
 d - 3 potions of magic
 f - a potion of attraction
 g - a potion of brilliance
 h - 2 potions of lignification
 i - a potion of curing
 j - 8 potions of flight
 l - a potion of mutation


   Skills:
 + Level 1.5 Fighting
 + Level 0.4 Long Blades
 + Level 2.4 Armour
 + Level 2.6 Dodging
 + Level 5.5 Stealth
 + Level 6.1 Spellcasting
 + Level 5.2 Conjurations
 + Level 1.0 Summonings
 + Level 2.1 Translocations
 + Level 1.0 Air Magic
 * Level 5.8 Poison Magic


You had 10 spell levels left.
You knew the following spells:

 Your Spells              Type           Power      Damage    Failure   Level
a - Magic Dart            Conj           100%       1d8       1%          1
b - Mephitic Cloud        Conj/Pois/Air  21%        N/A       8%          3
c - Conjure Flame         Conj/Fire      15%        6-21      14%         3
d - Blink                 Tloc           28%        N/A       9%          2

Your spell library contained the following spells:

 Spells                   Type           Power      Damage    Failure   Level
 Sting                    Tmut/Pois      64%        1d6       4%          1
 Poisonous Vapours        Pois/Air       36%        N/A       5%          2
 Olgreb's Toxic Radiance  Pois           28%        N/A       13%         4
 Slow                     Hex            20%        N/A       14%         1
 Call Imp                 Summ           9%         N/A       14%         2
 Portal Projectile        Hex/Tloc       18%        N/A       26%         3
 Call Canine Familiar     Summ           9%         N/A       28%         3
 Confusing Touch          Hex            5%         N/A       38%         3
 Vampiric Draining        Necr           5%         2d6       38%         3
 Leda's Liquefaction      Hex/Erth       2%         N/A       80%         4


Dungeon Overview and Level Annotations

Branches:
Dungeon (5/15)             Temple (0/1) D:5           Sewer (visited)

Altars:
Gozag
Hepliaklqana
Ru
Zin
The Shining One

Annotations:
D:4 indyram44's ghost, amateur DsDe


Innate Abilities, Weirdness & Mutations

Your serpentine skin is tough. (AC +2)
You have supernaturally acute eyesight. (SInv)
Armour fits poorly on your strangely shaped body.
Your system is resistant to poisons. (rPois)
You cover ground very slowly.
You can spit poison.
You have a snake-like lower body.


Message History

Magic restored.
You start resting.
HP restored.
There is an escape hatch in the ceiling here.
There is an open translucent door, spattered with blood here.
You see here an adder skeleton.
Done exploring.
The wight barely misses you.
You slash the wight!
The wight is severely damaged.
The wight hits you with a +3 dire flail!
You feel drained. The wight barely misses you.
You hit the wight but do no damage.
The wight is severely damaged.
The wight closely misses you.
You slash the wight!
You destroy the wight!
Your Air Magic skill increases to level 1!
The wight hits you from afar with a +3 spear!
You feel drained.
Things that are here:
a +3 dire flail; a +1 robe of willpower The wight barely misses you.
You hit the wight.
The wight is moderately damaged.
The wight closely misses you. The wight hits you with a +3 spear!
You feel drained.
You hit the wight.
The wight is heavily damaged.
The wight hits you with a +3 spear!
You feel drained.
You barely miss the wight.
The wight is heavily damaged.
The wight hits you with a +3 spear!
* * * LOW HITPOINT WARNING * * *
You feel drained.
* * * LOW HITPOINT WARNING * * *
You slash the wight!
The wight is almost destroyed.
The wight hits you with a +3 spear.
You die...

#..#.###.#.....#.....#(#
#..#..######)####....#)#
#..'...###.....###...'.#
#####..#....###.....###..#.#
.......#..)..###.....###.#.#
######.##.....###.....####.#
..## #.###.....###.....###.#
#..###.#####'#######'####..#
##.............)@z.........#
#...#####....####....#######
.....#######..###.####
....<..## ##..##.# #
#.......# #.....# ####
#...))..# ##....### ####...
#......## #.......##
####....## #......#
##.....#..####....####
##....## #.....###......####


You could see a wight.

Vanquished Creatures
  Pikel (D:5)
  Sigmund (D:3)
  A water moccasin (D:4)
  An ogre (D:4)
  A bullfrog (D:4)
  2 wights (D:4)
  An orc priest (D:3)
  2 hounds (D:4)
  2 gnoll shamans (D:5)
  A jelly (D:4)
  Terence (D:2)
  3 iguanas
  An orc wizard (D:3)
  Robin (D:3)
  8 gnolls
  11 adders
  4 river rats (Sewer)
  3 worms
  A dart slug (D:1)
  5 orcs
  13 ball pythons
  14 endoplasms
  9 giant cockroaches
  16 goblins
  9 hobgoblins
  2 jackals (Sewer)
  7 kobolds
  6 quokkas
  12 bats
  7 frilled lizards
  5 rats
151 creatures vanquished.

Vanquished Creatures (others)
  A bush (D:3)
1 creature vanquished.

Grand Total: 152 creatures vanquished

Notes
Turn   | Place    | Note
-------+----------+-------------------------------------------
     0 | D:1      | zazu2006 the Naga Hedge Wizard began the quest for the Orb.
     0 | D:1      | Reached XP level 1. HP: 15/15 MP: 4/4
   257 | D:1      | Reached XP level 2. HP: 22/22 MP: 0/6
  1169 | D:2      | Reached XP level 3. HP: 28/28 MP: 1/8
  1184 | D:2      | Learned a level 3 spell: Mephitic Cloud
  1188 | D:2      | Learned a level 3 spell: Conjure Flame
  1191 | D:2      | Learned a level 2 spell: Blink
  1513 | D:2      | Found a faded altar of an unknown god.
  1859 | D:2      | Noticed Terence
  2193 | D:2      | Reached skill level 4 in Spellcasting
  2630 | D:3      | Identified the -4 helmet of Megi {rPois rF- Will+ Stlth+}
  2630 | D:3      | Noticed Robin
  2642 | D:2      | Reached XP level 4. HP: 18/36 MP: 0/10
  2722 | D:2      | Killed Terence
  2872 | D:3      | Noticed Sigmund
  2893 | D:3      | Killed Sigmund
  2894 | D:3      | Reached XP level 5. HP: 21/42 MP: 4/11
  2894 | D:3      | Reached XP level 6. HP: 24/49 MP: 4/12
  3229 | D:3      | Killed Robin
  3683 | D:3      | Found a sacrificial altar of Ru.
  4133 | D:3      | Found a glowing golden altar of the Shining One.
  4133 | D:3      | Found a hazy altar of Hepliaklqana.
  4143 | D:3      | Found an opulent altar of Gozag.
  4829 | D:4      | Reached XP level 7. HP: 22/51 MP: 1/14
  5559 | D:4      | Reached skill level 5 in Spellcasting
  5708 | D:4      | Found a glowing silver altar of Zin.
  6028 | D:4      | Found a runed translucent door.
  6032 | D:4      | Noticed indyram44's ghost (amateur DsDe)
  6169 | D:5      | Entered Level 5 of the Dungeon
  6198 | D:4      | Reached skill level 1 in Armour
  6240 | D:5      | Found a staircase to the Ecumenical Temple.
  6307 | D:5      | Noticed Pikel
  6337 | D:5      | Killed Pikel
  6338 | D:5      | Reached skill level 1 in Fighting
  6338 | D:5      | Reached skill level 5 in Stealth
  6338 | D:5      | Reached XP level 8. HP: 7/64 MP: 11/16
  6358 | D:5      | Found a glowing drain.
  6362 | Sewer    | Entered a sewer
  7150 | Sewer    | Reached skill level 5 in Poison Magic
  7358 | Sewer    | Reached skill level 5 in Conjurations
  8393 | D:5      | Identified the +11 war axe of Xadwaona {vorpal, *Noise
                  | +Blink rPois}
  8468 | D:5      | Identified the +7 falchion of Ridenlim {vorpal, rC+ Int+2}
  8824 | D:4      | Reached skill level 6 in Spellcasting
  9157 | D:4      | Reached skill level 1 in Air Magic
  9162 | D:4      | Slain by a wight

Illustrated notes

Levels and vault maps discovered:
D:1:      dpeg_arrival_tiny_a, layout_basic, serial_forest,
          infiniplex_forest_end_3, infiniplex_forest_clump_double,
          infiniplex_forest_clump_large, infiniplex_forest_diagonal,
          infiniplex_forest_straight_2, infiniplex_forest_clump_small,
          minmay_misc_feat_five
D:2:      layout_loops_cross, hellmonk_ecumenical_altar_run_dry,
          minmay_misc_feat_tower, kennysheep_generic_room_15, uniq_terence
D:3:      kennysheep_six_static_rooms, layout_loops_cross,
          nicolae_overflow_quartered_altars, chequers_serial_rivers_room_b,
          minmay_hedge_maze, uniq_robin, uniq_sigmund
D:4:      layout_cave_pods, lemuel_round_altar, ebering_ghost_sewer_d,
          chequers_serial_rivers_micro_a, minmay_door_square,
          minmay_quadrilaterals
D:5:      layout_basic, minmay_temple_entry_waves, gup_sewer_entry_bowl,
          uniq_pikel

Skill      XL: |  1  2  3  4  5  6  7  8 |
---------------+-------------------------+-----
Spellcasting   | 4 5 6 |  6.1
Conjurations   | 3 4 5 |  5.2
Dodging        | 2 |  2.6
Stealth        | 4 5 |  5.5
Poison Magic   | 2 3 4 5 |  5.8
Armour         | 2 |  2.4
Translocations | 2 |  2.1
Fighting       | 1 |  1.5
Air Magic      | 1 |  1.0
Long Blades    | |  0.4
Summonings     | |  1.0

Action                   |  1- 3 |  4- 6 |  7- 9 || total
-------------------------+-------+-------+-------++-------
Melee: Dagger            |     9 |    21 |    62 ||    92
       Falchion          |       |       |    36 ||    36
       Punch             |       |       |     1 ||     1
Throw: Throwing net      |       |     1 |       ||     1
 Cast: Magic Dart        |   101 |   117 |   140 ||   358
       Mephitic Cloud    |     1 |     3 |    11 ||    15
       Blink             |       |     3 |     2 ||     5
       Conjure Flame     |       |       |     1 ||     1
 Abil: Spit Poison       |    11 |    15 |    11 ||    37
  Use: Potion            |       |     6 |     2 ||     8
       Scroll            |       |       |     5 ||     5
 Stab: Held in net/web   |       |     1 |       ||     1
       Confused          |       |     1 |     6 ||     7
Armor: Robe              |     8 |     4 |       ||    12
       Skin              |       |     7 |    12 ||    19
       Leather armour    |       |     2 |    25 ||    27
Dodge: Dodged            |    11 |    14 |    57 ||    82

Table legend: (Time is in decaauts)
 A = Elapsed time spent in this place.
 B = Non-inter-level travel time spent in this place.
 C = Inter-level travel time spent in this place.
 D = Time resting spent in this place.
 E = Time spent auto-exploring this place.
 F = Levels seen in this place.
 G = Mean time per level.
                   A        B        C        D        E       F      G
               +--------+--------+--------+--------+--------+-----+--------+
         Total |  10942 |  10763 |    179 |   1891 |   7336 |   6 | 1823.7 |
       Dungeon |   9315 |   9136 |    179 |   1591 |   6219 |   5 | 1863.0 |
         Sewer |   1626 |   1626 |      0 |    300 |   1117 |   1 | 1626.0 |
               +--------+--------+--------+--------+--------+-----+--------+

Top non-repeatable levels by time:
     D:4: 2368 daAuts
     D:3: 2207 daAuts
     D:2: 1648 daAuts
   Sewer: 1626 daAuts
     D:1: 1611 daAuts
     D:5: 1480 daAuts
